 Dungeon Crawl Stone Soup version 0.18.1-50-g88ac8fd (webtiles) character file.

46 Gargoyl the Skirmisher (level 3, -3/30 HPs)
             Began as a Demonspawn Abyssal Knight on Oct 1, 2016.
             Was a Believer of Lugonu.
             Slain by Crazy Yiuf
             ... wielding a +4 quarterstaff of chaos
              (8 damage)
             ... on level 2 of the Dungeon.
             The game lasted 00:02:56 (1592 turns).

Gargoyl the Skirmisher (Demonspawn Abyssal Knight)  Turns: 1592, Time: 00:02:57

Health: -3/30      AC: 12    Str: 13    XL:     3   Next: 44%
Magic:  5/5        EV:  6    Int: 13    God:    Lugonu [**....]
Gold:   101        SH:  0    Dex: 12    Spells: 0 memorised, 2 levels left

rFire  + . .     SeeInvis .     a - +1 hand axe
rCold  + . .     Gourm    .     f - +3 chain mail
rNeg   . . .     Faith    .     (no shield)
rPois  +         Spirit   .     (no helmet)
rElec  +         Dismiss  .     l - +0 cloak
rCorr  +         Reflect  .     (no gloves)
SustAt .         Harm     .     (no boots)
MR     .....                    (no amulet)
Stlth  ..........               (no ring)
                                (no ring)

@: confused, about to teleport, resistant, flying, drained, not resistant to
hostile enchantments, extremely unstealthy
A: powered by death 1
a: Depart the Abyss, Bend Space, Renounce Religion


You were on level 2 of the Dungeon.
You worshipped Lugonu.
Lugonu was pleased with you.
You were not hungry.

You visited 1 branch of the dungeon, and saw 2 of its levels.
You visited the Abyss 1 time.

You collected 101 gold pieces.

Inventory:

Hand Weapons
 a - a +1 hand axe (weapon)
Armour
 f - a +3 chain mail (worn)
 l - a +0 cloak (worn)
Scrolls
 b - 3 scrolls of identify {unknown}
 e - 2 scrolls of teleportation {unknown}
 g - a scroll of remove curse {unknown}
 i - a scroll of fear {unknown}
 k - a scroll of fog {unknown}
Potions
 j - a potion of flight
Books
 m - a book of Callings

   Spells                             Type                      Level
   a - Summon Small Mammal            Summoning                    1
   b - Call Imp                       Summoning                    2
   c - Call Canine Familiar           Summoning                    3
   d - Summon Guardian Golem          Hexes/Summoning              3
   e - Summon Lightning Spire         Summoning/Air                4
   f - Summon Ice Beast               Ice/Summoning                4
Comestibles
 c - a bread ration
 d - 2 meat rations
 n - 4 fruits


   Skills:
 + Level 3.9(3.6) Fighting
 + Level 2.0(1.7) Axes
 * Level 2.2(1.9) Armour
 + Level 1.0(0.7) Dodging
 * Level 2.8(2.6) Invocations


You had 2 spell levels left.
You didn't know any spells.

Dungeon Overview and Level Annotations

Branches:
Dungeon (2/15)

Altars:
Nemelex Xobeh

Annotations:
D:2 Crazy Yiuf


Innate Abilities, Weirdness & Mutations

You regenerate a little health from kills.


Message History

You suddenly lose the ability to move!
Crazy Yiuf twirls on the spot.
Crazy Yiuf hits you but does no damage.
You are confused.
Crazy Yiuf hits you but does no damage.
Crazy Yiuf hits you with a quarterstaff of chaos.
Crazy Yiuf hits you with a quarterstaff of chaos.
* * * LOW HITPOINT WARNING * * *
You feel strangely unstable.
You can move again.
You're too confused!
Unknown command.
You're too confused!
You miss Crazy Yiuf.
Crazy Yiuf is lightly wounded.
Crazy Yiuf hits you but does no damage.
You closely miss Crazy Yiuf.
Crazy Yiuf is lightly wounded.
Crazy Yiuf hits you with a quarterstaff of chaos!
You die...

##..#
#........#
#..#
####..##
######.##
#....##
#.####
#.#### #####
#<...# ##.##
#..)# #.##.#
#..># #...#
#.##.#######
#...#### ...
#(##........
#......# #g#
##########..
#...####
♣♣@♣
#.......<...
#...# ♣.♣♣
#........###
##### ♣♣.♣
#.########
♣.♣♣ #.#
♣♣.♣♣ #.#
♣...♣♣ #.#
♣...)♣ #.#
#..))# #.#
#....####.#


You could see Crazy Yiuf.

Vanquished Creatures
  An ooze (D:2)
  2 dart slugs
  A giant gecko (D:1)
  An orc (D:2)
  5 bats
  A giant cockroach (D:2)
  4 goblins
  4 hobgoblins
  3 jackals (D:1)
  4 kobolds
  2 giant newts
  4 rats
32 creatures vanquished.

Vanquished Creatures (others)
  8 starspawn tentacles (Abyss:1)
  163 starspawn tentacle segments
171 creatures vanquished.

Grand Total: 203 creatures vanquished

Notes
Turn   | Place    | Note
--------------------------------------------------------------
     0 | Abyss:1  | Gargoyl the Demonspawn Abyssal Knight began the quest for the Orb.
     0 | Abyss:1  | Reached XP level 1. HP: 18/18 MP: 2/2
    40 | Abyss:1  | Noticed a tentacled starspawn
   124 | Abyss:2  | Noticed a large abomination
   143 | Abyss:2  | Noticed a tentacled starspawn
   151 | D:1      | Escaped the Abyss
   395 | D:1      | Reached * piety under Lugonu
   425 | D:1      | Gained mutation: You regenerate a little health from kills. [demonic ancestry]
   425 | D:1      | Reached XP level 2. HP: 24/24 MP: 3/3
   705 | D:1      | Reached skill level 1 in Dodging
  1138 | D:2      | Found a sparkling altar of Nemelex Xobeh.
  1149 | D:2      | Reached XP level 3. HP: 30/30 MP: 4/4
  1301 | D:2      | Reached ** piety under Lugonu
  1579 | D:2      | Noticed Crazy Yiuf
  1586 | D:2      | Paralysed by Crazy Yiuf for 5 turns
  1592 | D:2      | Slain by Crazy Yiuf

Skill      XL: |  1  2  3 |
---------------+----------+-----
Armour         | 2 |  2.2
Dodging        | 1 |  1.0
Axes           | 2 |  2.0
Fighting       | |  3.9
Invocations    | |  2.8

Action                   || total
-------------------------++-------
Melee: Hand axe          ||    95
Invok: Depart the Abyss  ||     1
  Use: Potion            ||     2
  Eat: Chunk             ||     2
Armor: Chain mail        ||    81
Dodge: Dodged            ||    35
